 Dungeon Sprint DCSS version 0.22.0-16-gc6d26f6 (webtiles) character file.

108 doot the Jinx (level 4, -14/24 HPs)
             Began as a Deep Elf Enchanter on Aug 17, 2018.
             Was an Initiate of Sif Muna.
             Killed from afar by an oklob sapling (15 damage)
             ... with a splash of acid
             ... in the Dungeon (Sprint IV: "Fedhas' Mad Dash").
             The game lasted 00:01:12 (175 turns).

doot the Jinx (Deep Elf Enchanter)                   Turns: 175, Time: 00:01:13

Health: -14/24     AC: -2    Str:  5    XL:     4   Next: 58%
Magic:  13/13      EV: 14    Int: 20    God:    Sif Muna [......]
Gold:   48         SH:  0    Dex: 16    Spells: 13/14 levels left

rFire    . . .     SeeInvis .   a - +1 dagger
rCold    . . .     Gourm    .   (no shield)
rNeg     . . .     Faith    .   b - +0 robe
rPois    .         Spirit   .   (no helmet)
rElec    .         Reflect  .   (no cloak)
rCorr    .         Harm     .   (no gloves)
MR       .....     NoTele   +   (no boots)
Stlth    ++++......             i - amulet of invisibility {+Inv}
HPRegen  0.08/turn              (no ring)
MPRegen  0.13/turn              (no ring)

@: corroded
A: no striking features
a: Renounce Religion, Evoke Invisibility


You were in the Dungeon.
You worshipped Sif Muna.
Sif Muna was noncommittal.
You were not hungry.

You visited 1 branch You collected 48 gold pieces.

Inventory:

Hand Weapons
 a - a +1 dagger (weapon)
Missiles
 c - 6 exploding tomahawks (quivered)
Armour
 b - a +0 robe (worn)
Jewellery
 i - the amulet of invisibility (around neck) {+Inv}
   (You found it in the Dungeon)

   [amulet of nothing]

   It lets you turn invisible.
Scrolls
 j - a scroll of blinking
 k - 2 scrolls of fear {unknown}
Potions
 e - a potion of curing
 f - 2 potions of heal wounds
 g - a potion of haste
 h - 2 potions of magic
Comestibles
 d - a ration


   Skills:
 + Level 1.0 Short Blades
 + Level 4.1 Dodging
 + Level 7.7 Stealth
 + Level 5.5 Spellcasting
 + Level 8.6 Hexes
 + Level 0.7 Evocations


You had 13 spell levels left.
You knew the following spells:

 Your Spells              Type           Power        Failure   Level  Hunger
a - Corona                Hex            #####..      1%          1    None

Your spell library contained the following spells:

 Spells                   Type           Power        Failure   Level  Hunger
 Confuse                  Hex            #####...     1%          3    ##.....
 Tukima's Dance           Hex            #####...     1%          3    ##.....
 Ensorcelled Hibernation  Hex/Ice        ###...       2%          2    None
 Dazzling Spray           Conj/Hex       ###...       5%          3    ##.....


Dungeon Overview and Level Annotations

Branches:
Dungeon (1/1)

Altars:
Cheibriados
Dithmenos
Elyvilon
Gozag
Hepliaklqana
Kikubaaqudgha
Makhleb
Nemelex Xobeh
Okawaru
Qazlal
Ru
Sif Muna
Trog
Uskayaw
Vehumet
Wu Jian
Xom
Yredelemnul
Zin
The Shining One
Beogh
Jiyva
Lugonu

Annotations:
D exclusion: oklob sapling


Message History

Press < or > to pray at altars.
You start waiting.
Your magical contamination has completely faded away.
There is a sacrificial altar of Ru here.
There is an open door here.
You open the door.
Marking area around the oklob sapling as unsafe for travelling.
An oklob sapling comes into view.
Found 9 gold pieces.
The oklob sapling spits acid at you. The splash of acid hits you!
Ouch! That really hurt!
The acid corrodes you!
You are splashed with acid!
The acid burns!
* * * LOW HITPOINT WARNING * * *
Found 6 gold pieces.
There is an open door here.
The oklob sapling spits acid at you. The splash of acid hits you!
Ouch! That really hurt!
You die...

###############################
#<..P#.....#.....#.⌠._._._._.⌠.
#PP..'.....'.#...'.._._._._._..
#PPPP#.....#.#†.@#..._._._._...
###############'##.._._._._._..
+...#._._._._._.⌠.
#$P$############## #####


You could see an oklob sapling.

Vanquished Creatures
  2 oklob saplings (D)
  A worker ant (D)
  A river rat (D)
  A rat (D)
5 creatures vanquished.

Notes
Turn   | Place    | Note
-------+----------+-------------------------------------------
     0 | D        | doot the Deep Elf Enchanter began the quest for the Orb.
     0 | D        | Reached XP level 1. HP: 10/10 MP: 6/6
    10 | D        | Reached skill level 5 in Hexes
    10 | D        | Reached XP level 2. HP: 15/15 MP: 5/8
    45 | D        | Noticed an oklob sapling
    46 | D        | Killed an oklob sapling
    46 | D        | Reached skill level 5 in Stealth
    46 | D        | Reached skill level 6 in Hexes
    46 | D        | Reached XP level 3. HP: 19/19 MP: 8/10
    49 | D        | Found the amulet of invisibility {+Inv}
    50 | D        | Reached skill level 7 in Hexes
    72 | D        | Found an opulent altar of Gozag.
    72 | D        | Found a hazy altar of Hepliaklqana.
    72 | D        | Found a roughly hewn altar of Beogh.
    72 | D        | Found a snail-covered altar of Cheibriados.
    78 | D        | Found a viscous altar of Jiyva.
    78 | D        | Found a burning altar of Makhleb.
    78 | D        | Found a sparkling altar of Nemelex Xobeh.
    78 | D        | Found a sacrificial altar of Ru.
    78 | D        | Found a deep blue altar of Sif Muna.
    78 | D        | Found a bloodstained altar of Trog.
    78 | D        | Found an ornate altar of the Wu Jian Council.
    78 | D        | Found a shimmering altar of Xom.
    78 | D        | Found a basalt altar of Yredelemnul.
    78 | D        | Noticed an oklob sapling priest
    79 | D        | Found an iron altar of Okawaru.
    79 | D        | Found a glowing silver altar of Zin.
    79 | D        | Found a shadowy altar of Dithmenos.
    80 | D        | Found a hide-covered altar of Uskayaw.
    80 | D        | Found an ancient bone altar of Kikubaaqudgha.
    81 | D        | Found a stormy altar of Qazlal.
    81 | D        | Found a glowing golden altar of the Shining One.
    81 | D        | Found a white marble altar of Elyvilon.
    82 | D        | Found a radiant altar of Vehumet.
    82 | D        | Found a corrupted altar of Lugonu.
    85 | D        | Killed an oklob sapling priest
    85 | D        | Reached skill level 5 in Spellcasting
    85 | D        | Reached skill level 8 in Hexes
    85 | D        | Reached XP level 4. HP: 24/24 MP: 10/13
    87 | D        | Became a worshipper of Sif Muna the Loreminder
   174 | D        | HP: 1/24 [acid (10)]
   175 | D        | Killed from afar by an oklob sapling

Skill      XL: |  1  2  3 |
---------------+----------+-----
Stealth        | 4 5 7 |  7.7
Hexes          | 5 6 8 |  8.6
Dodging        | 3 4 |  4.1
Spellcasting   | 4 5 |  5.5
Short Blades   | |  1.0
Evocations     | |  0.7

Action                   |  1- 3 |  4- 6 || total
-------------------------+-------+-------++-------
Melee: Dagger            |     9 |       ||     9
 Cast: Corona            |     1 |       ||     1
 Abil: Evoke Invisibilit |     1 |       ||     1
  Use: Potion            |     1 |       ||     1
 Stab: Sleeping          |     3 |       ||     3
Dodge: Dodged            |     2 |       ||     2
